 Dungeon Crawl Stone Soup version 0.27-a0-416-gca2cecf3c0 (webtiles) character file.

Game seed: 4664987535455018138

40 dickylongcocking the Sneak (level 3, -1/33 HPs)
             Began as a Deep Dwarf Delver on Feb 25, 2021.
             Killed from afar by an orc wizard (10 damage)
             ... with a puff of flame
             ... on level 4 of the Dungeon.
             The game lasted 00:00:37 (394 turns).

dickylongcocking the Sneak (Deep Dwarf Delver)       Turns: 394, Time: 00:00:37

Health: -1/33      AC:  3    Str: 16    XL:     3   Next: 30%
Magic:  3/3        EV: 12    Int: 10    God:
Gold:   0          SH:  0    Dex: 14    Spells: 2/2 levels left

rFire    . . .     SeeInvis .   a - +0 hand axe
rCold    . . .     Faith    .   (no shield)
rNeg     . . .     Spirit   .   b - +0 leather armour
rPois    .         Reflect  .   (no helmet)
rElec    .         Harm     .   (no cloak)
rCorr    .         Rampage  .   (no gloves)
Will     .....                  (no boots)
Stlth    +.........             (no amulet)
HPRegen  0.00/turn              (no ring)
MPRegen  0.08/turn              (no ring)

@: confused, non-regenerating
A: damage resistance, heal wounds, sense surroundings 1, no regeneration
a: Heal Wounds


You were on level 4 of the Dungeon.
You visited 1 branch of the dungeon, and saw 2 of its levels.

Inventory:

Hand Weapons
 a - a +0 hand axe (weapon)
Armour
 b - a +0 leather armour (worn)
Wands
 g - a wand of digging (3)
Scrolls
 d - a scroll of magic mapping


   Skills:
 - Level 2.6 Fighting
 * Level 4.2 Axes
 - Level 2.1 Dodging
 - Level 6.0 Stealth


You had 2 spell levels left.
You didn't know any spells.
Your spell library was empty.

Dungeon Overview and Level Annotations

Branches:
Dungeon (5/15)
 Temple: D:4-7

Altars:


Innate Abilities, Weirdness & Mutations

You are resistant to damage.
You can heal yourself by infusing magical energy.
You passively map a small area around you.
You do not regenerate.


Message History

The jackal is severely wounded.
The jackal bites you.
* * * LOW HITPOINT WARNING * * *
The jackal barely misses you.
You are too injured to fight recklessly!
You barely miss the jackal.
The jackal is severely wounded.
The jackal barely misses you. The jackal misses you.
You are too injured to fight recklessly!
You hit the jackal.
You kill the jackal!
The jackal barely misses you.
You hit the jackal.
You kill the jackal!
You are too injured to fight recklessly!
Things that are here:
a jackal corpse; a jackal corpse You are too injured to fight recklessly!
You are too injured to fight recklessly!
An orc wizard comes into view. It is wielding a +0 dagger.
An orc wizard is nearby!
You are too injured to fight recklessly!
An orc wizard is nearby!
You are too injured to fight recklessly!
You are too injured to fight recklessly!
The orc wizard shouts!
You hear a shout! x2; You hear a bark!
An orc comes into view. It is wielding a +0 club.
The orc wizard points at you and mumbles some strange words.
You are confused.
You hear an angry hiss.
You aren't carrying any potions.
Unknown command.
You are too confused!
Unknown command.
You aren't carrying any potions.
Unknown command.
You bump into the rock wall.
The orc wizard points at you and mumbles some strange words.
The puff of flame hits you!
You die...

, , #o# ,
#.# *,
#o#,* #.#
,, * , ,
#.# , *
#.# ,, #.#
, * #@# *
** #.# #.#
#.# #.#
##########
#.#
#.........
#.#
#.########
#.# #.#
#.# #.#


You could see an orc wizard and an orc (wandering).

Vanquished Creatures
  A centaur zombie (D:5)
  An orc (D:4)
  A giant cockroach (D:5)
  4 jackals (D:4)
7 creatures vanquished.

Notes
Turn   | Place    | Note
-------+----------+-------------------------------------------
     0 | D:5      | dickylongcocking the Deep Dwarf Delver began the quest for
                  | the Orb.
     0 | D:5      | Reached XP level 1. HP: 20/20 MP: 1/1
    30 | D:5      | Reached XP level 2. HP: 10/27 MP: 2/2
    30 | D:5      | Reached XP level 3. HP: 13/33 MP: 3/3
    47 | D:5      | Noticed a bullfrog
   394 | D:4      | Killed from afar by an orc wizard

Illustrated notes

Levels and vault maps discovered:
D:4:      layout_basic, grunt_temple_overflow_gold_and_silver,
          lemuel_zombie_altar_yredelemnul
D:5:      layout_rooms, lemuel_coloured_pillars_altar, lemuel_crystal_altar,
          nicolae_overflow_crystal_walls, temple_doors_e

Skill      XL: |  1 |
---------------+----+-----
Axes           | 4 |  4.2
Fighting       | |  2.6
Dodging        | |  2.1
Stealth        | |  6.0

Action                   || total
-------------------------++-------
Melee: Hand axe          ||    30
  Use: Scroll            ||     2
       Potion            ||     1
Armor: Leather armour    ||     5
Dodge: Dodged            ||    28

Table legend: (Time is in decaauts)
 A = Elapsed time spent in this place.
 B = Non-inter-level travel time spent in this place.
 C = Inter-level travel time spent in this place.
 D = Time resting spent in this place.
 E = Time spent auto-exploring this place.
 F = Levels seen in this place.
 G = Mean time per level.
                   A        B        C        D        E       F      G
               +--------+--------+--------+--------+--------+-----+--------+
         Total |    384 |    384 |      0 |    223 |     59 |   2 |  192.0 |
       Dungeon |    384 |    384 |      0 |    223 |     59 |   2 |  192.0 |
               +--------+--------+--------+--------+--------+-----+--------+

Top non-repeatable levels by time:
     D:4: 313 daAuts
     D:5: 71 daAuts
